 Dungeon Crawl Stone Soup version 0.24.0-125-gc4c63601f3 (webtiles) character file.

Game seed: 14355386383978159320, levelgen mode: deterministic

125 Curus the Cudgeler (level 4, -3/39 HPs)
             Began as a Minotaur Monk on Mar 6, 2020.
             Slain by an orc warrior
             ... wielding a +0 halberd
              (22 damage)
             ... on level 3 of the Dungeon.
             The game lasted 00:05:57 (1715 turns).

Curus the Cudgeler (Minotaur Monk)                  Turns: 1715, Time: 00:05:58

Health: -3/39      AC:  6    Str: 15    XL:     4   Next: 82%
Magic:  3/3        EV: 17    Int:  7    God:
Gold:   95         SH:  0    Dex: 19    Spells: 3/3 levels left

rFire    . . .     SeeInvis .   a - +0 mace
rCold    . . .     Gourm    .   (no shield)
rNeg     . . .     Faith    .   h - +0 ring mail
rPois    .         Spirit   .   (helmet restricted)
rElec    .         Reflect  .   (no cloak)
rCorr    .         Harm     .   (no gloves)
MR       .....                  e - +0 pair of boots
Stlth    ++........             (no amulet)
HPRegen  0.13/turn              (no ring)
MPRegen  0.08/turn              (no ring)

@: agile
A: retaliatory headbutt, horns 2
a: no special abilities


You were on level 3 of the Dungeon.
You were not hungry.

You visited 1 branch of the dungeon, and saw 3 of its levels.

You collected 95 gold pieces.

Inventory:

Hand Weapons
 a - a +0 mace (weapon)
Armour
 b - a +0 robe
 e - a +0 pair of boots (worn)
 h - a +0 ring mail (worn)
Potions
 d - a potion of curing
Comestibles
 c - 2 rations
 f - a chunk of flesh


   Skills:
 - Level 3.6 Fighting
 + Level 6.8 Maces & Flails
 - Level 3.2 Dodging
 - Level 1.5 Stealth


You had 3 spell levels left.
You didn't know any spells.
Your spell library was empty.

Dungeon Overview and Level Annotations

Branches:
Dungeon (2/15)

Altars:


Innate Abilities, Weirdness & Mutations

You reflexively headbutt those who attack you in melee.
You have a pair of horns on your head.


Message History

The orc wizard blinks!
You hit the orc but do no damage. You headbutt the orc.
The orc is almost dead.
The orc barely misses you. You furiously retaliate!
You headbutt the orc, but do no damage. The orc warrior misses you.
You closely miss the orc.
The orc is almost dead.
The orc closely misses you.
The orc warrior hits you from afar with a +0 halberd!
Your ring mail prevents you from hitting the orc.
The orc is almost dead.
The orc completely misses you. The orc warrior closely misses you.
You hit the orc.
You kill the orc!
The orc warrior closely misses you.
You see here a +0 trident.
You hit the orc warrior but do no damage.
The orc warrior hits you with a +0 halberd!!
Ouch! That really hurt!
You die...

#### ...# ...#
######################## ...+
..oSgoo@)...............
...##############################
........................ .#
...########.##......########.####
.............+..÷...())..........
...######.#.##..÷...###..........
...# #.#.##......# #..........
.... . #.##......# #..........
..### ## #.##......# #..........


You could see an orc warrior, an orc wizard, an adder, an orc and a hobgoblin.

Vanquished Creatures
  A worker ant (D:3)
  Robin (D:2)
  An adder (D:2)
  An ooze (D:1)
  2 worms
  A dart slug (D:1)
  3 leopard geckos
  2 orcs (D:3)
  2 ball pythons
  3 giant cockroaches
  12 goblins
  5 hobgoblins
  5 jackals (D:1)
  5 bats
  3 frilled lizards (D:2)
  9 kobolds
  6 rats
62 creatures vanquished.

Notes
Turn   | Place    | Note
-------+----------+-------------------------------------------
     0 | D:1      | Curus the Minotaur Monk began the quest for the Orb.
     0 | D:1      | Reached XP level 1. HP: 19/19 MP: 0/0
    26 | D:1      | Reached skill level 4 in Maces & Flails
    35 | D:1      | Reached XP level 2. HP: 18/26 MP: 1/1
   627 | D:1      | Reached skill level 5 in Maces & Flails
   758 | D:1      | Reached XP level 3. HP: 31/31 MP: 2/2
  1072 | D:2      | Noticed Robin
  1345 | D:2      | Reached skill level 6 in Maces & Flails
  1345 | D:2      | Reached XP level 4. HP: 35/39 MP: 3/3
  1374 | D:2      | Killed Robin
  1394 | D:2      | You fall into a shaft and drop 1 floor!
  1702 | D:3      | Noticed an orc warrior
  1715 | D:3      | Slain by an orc warrior

Levels and vault maps discovered:
D:1:      minmay_arrival_semitransparent, layout_basic, minmay_tree_intersection
D:2:      layout_loops_ring, first_ration, uniq_robin
D:3:      layout_basic, tso_altar, chequers_ecumenical_altar_island, st_stairs_7

Skill      XL: |  1  2  3 |
---------------+----------+-----
Maces & Flails | 4 5 6 |  6.8
Fighting       | |  3.6
Dodging        | |  3.2
Stealth        | |  1.5

Action                   |  1- 3 |  4- 6 || total
-------------------------+-------+-------++-------
Melee: Mace              |    98 |    44 ||   142
       Headbutt          |    14 |     8 ||    22
  Use: Scroll            |     2 |     1 ||     3
       Potion            |     3 |     2 ||     5
 Stab: Sleeping          |     4 |       ||     4
  Eat: Chunk             |     1 |     2 ||     3
Armor: Robe              |    17 |     5 ||    22
       Ring mail         |       |     2 ||     2
Dodge: Dodged            |    77 |    32 ||   109
